 Dungeon Sprint DCSS version 0.24-a0-420-g24607be9ce (webtiles) character file.

Game seed: 907259806952294667

12657999 wilfster70 the Conqueror (level 18, 179/179 (180) HPs)
             Began as a Minotaur Fighter on June 11, 2019.
             Was an Initiate of Gozag.
             Escaped with the Orb
             ... and 5 runes!
             The game lasted 00:45:10 (12920 turns).

wilfster70 the Conqueror (Minotaur Fighter)        Turns: 12920, Time: 00:45:10

HP:   179/179 (180) AC: 42    Str: 24    XL:     18   Next: 73%
MP:   53/53         EV: 12    Int: 14    God:    Gozag
Gold: 4909          SH: 28    Dex:  7    Spells: 54/63 levels left

rFire    + + +     SeeInvis +   a - +9 broad axe (elec)
rCold    + . .     Gourm    .   B - +3 large shield
rNeg     + + .     Faith    .   H - +10 gold dragon scales
rPois    +         Spirit   .   v - +0 hat "Resugiott" {*Drain rCorr SInv}
rElec    .         Reflect  .   A - +2 cloak
rCorr    +         Harm     .   u - +2 pair of gloves {archery}
MR       +....     Clarity  +   M - +0 pair of boots {run} Stlth ..........NoTele +
                                x - amulet "Ogeh" {+Rage MP+9 Int+3}
HPRegen  0.39/turn              D - ring of protection from fire
MPRegen  0.33/turn              p - ring of Exhibitionism {Wiz rPois rF+++ rN++ Dex-2}

@: bribing [the Dungeon], quick
A: retaliatory headbutt, horns 2, clarity, clever 1, clumsy 1, deterioration 2,
frail 1, subdued magic 1
0: Orb of Zot
}: 5/17 runes: decaying, serpentine, barnacled, silver, gossamer
a: Potion Petition, Call Merchant, Bribe Branch, Renounce Religion, Evoke
Berserk Rage


You escaped.
You worshipped Gozag.
Gozag was most pleased with you.
You were not hungry.

You visited 1 branch You collected 44117 gold pieces.
You spent 6052 gold pieces at shops.
You paid 33156 gold pieces to Gozag.

Inventory:

Hand Weapons
 a - a +9 broad axe of electrocution (weapon)
 b - a +9 rapier of venom
Armour
 u - a +2 pair of gloves of archery (worn)
 v - the +0 hat "Resugiott" (worn) {*Drain rCorr SInv}
   (You bought it in a shop in the Dungeon)

   It lets you see invisible.
   It provides partial protection from all sources of acid and corrosion.
   It causes draining when unequipped.
 A - a +2 cloak (worn)
 B - a +3 large shield (worn)
 H - +10 gold dragon scales (worn)
 M - a +0 pair of boots of running (worn)
Jewellery
 p - the ring of Exhibitionism (right hand) {Wiz rPois rF+++ rN++ Dex-2}
   (You bought it in a shop in the Dungeon)

   [ring of wizardry]

   It improves your spell success rate.
   It affects your dexterity (-2).
   It renders you almost immune to fire.
   It protects you from poison.
   It greatly protects you from negative energy.
 q - an uncursed amulet of regeneration
 r - a +6 ring of intelligence
 x - the amulet "Ogeh" (around neck) {+Rage MP+9 Int+3}
   (You bought it in a shop in the Dungeon)

   [amulet of rage]

   It affects your intelligence (+3).
   It affects your magic capacity (+9).
   It lets you go berserk.
 D - a ring of protection from fire (left hand)
 E - an uncursed ring of protection from fire
 F - a +4 ring of evasion
 G - an uncursed ring of resist corrosion
 I - the ring "Ukkigeo" {MP+9 AC+3}
   (You found it in the Dungeon)

   [ring of protection]

   It affects your AC (+3).
   It affects your magic capacity (+9).
 K - the ring of Adyewki {rF+ Dex+2 Slay+3}
   (You found it in the Dungeon)

   [ring of protection from fire]

   It affects your dexterity (+2).
   It affects your accuracy and damage with ranged weapons and melee attacks
   (+3).
   It protects you from fire.
 L - the amulet of Jialoec {Gourm rC+ Str-5 Int+6}
   (You found it in the Dungeon)

   [amulet of the gourmand]

   It allows you to eat raw meat even when not hungry.
   It affects your strength (-5).
   It affects your intelligence (+6).
   It protects you from cold.
 N - the ring of Ciuquten {Ice rN+ Dex-3 Slay+3}
   (You found it in the Dungeon)

   [ring of ice]

   It enhances your ice magic.
   It affects your dexterity (-3).
   It affects your accuracy and damage with ranged weapons and melee attacks
   (+3).
   It makes you vulnerable to fire.
   It protects you from cold.
   It protects you from negative energy.
Wands
 g - a wand of clouds (3)
 o - a wand of acid (9)
Scrolls
 k - 4 scrolls of blinking
 m - 3 scrolls of remove curse
 n - 2 scrolls of amnesia
 w - 5 scrolls of fear
 y - a scroll of identify
 C - 2 scrolls of fog
 J - 2 scrolls of brand weapon
Potions
 c - 2 potions of mutation
 d - a potion of might
 e - 10 potions of curing
 h - 12 potions of haste
 i - 4 potions of magic
 j - 2 potions of berserk rage
 l - 13 potions of heal wounds
 s - 3 potions of flight
 t - 3 potions of brilliance
Comestibles
 f - 10 rations


   Skills:
 O Level 27 Fighting
 - Level 16.1 Axes
 - Level 20.0 Armour
 - Level 20.0 Dodging
 - Level 25.0 Shields
 + Level 23.4 Spellcasting
 + Level 14.3 Conjurations
 - Level 10.0 Hexes
 - Level 4.1 Translocations
 + Level 14.3 Ice Magic
 + Level 14.3 Air Magic


You had 54 spell levels left.
You knew the following spells:

 Your Spells              Type           Power        Failure   Level  Hunger
a - Confusing Touch       Hex            ####..       1%          1    None
b - Freezing Cloud        Conj/Ice/Air   #####.....   6%          6    #####..
g - Blink                 Tloc           N/A          4%          2    None

Your spell library contained the following spells:

 Spells                   Type           Power        Failure   Level  Hunger
 Corona                   Hex            ####...      1%          1    None
 Freeze                   Ice            ####         1%          1    None
 Magic Dart               Conj           ####         1%          1    None
 Poisonous Vapours        Pois/Air       ####..       1%          2    None
 Slow                     Hex            ####....     1%          2    None
 Confuse                  Hex            ####....     1%          3    None
 Mephitic Cloud           Conj/Pois/Air  ####....     1%          3    None
 Conjure Flame            Conj/Fire      ####....     2%          3    None
 Portal Projectile        Hex/Tloc       ####..       2%          3    None
 Cause Fear               Hex            ####......   2%          4    None
 Metabolic Englaciation   Hex/Ice        #####.....   2%          5    ###....
 Inner Flame              Hex/Fire       ###.....     6%          3    None
 Gell's Gravitas          Tloc           ###.......   9%          3    None
 Leda's Liquefaction      Hex/Erth       ###.......   21%         4    None
 Call Imp                 Summ           ##......     22%         2    None
 Yara's Violent Unravell  Hex/Tmut       ###.......   45%         5    ###....
 Petrify                  Tmut/Erth      ##......     82%         4    None
 Ring of Flames           Chrm/Fire      ##........   100%        7    ######.


Dungeon Overview and Level Annotations

Branches:
Dungeon (1/1)

Altars:
Cheibriados
Dithmenos
Elyvilon
Fedhas
Gozag
Hepliaklqana
Kikubaaqudgha
Makhleb
Nemelex Xobeh
Okawaru
Qazlal
Ru
Sif Muna
Trog
Uskayaw
Vehumet
Wu Jian
Xom
Yredelemnul
Zin
The Shining One
Beogh
Jiyva
Lugonu

Shops:
D =?(((=([[:?*[}


Innate Abilities, Weirdness & Mutations

You reflexively headbutt those who attack you in melee.
You have a pair of horns on your head.
You possess an exceptional clarity of mind.
Your mind is acute. (Int +2)
You are clumsy. (Dex -2)
Your body often deteriorates upon taking damage.
You are frail. (-10% HP)
Your spells are a little easier to cast, but a little less powerful.


Message History

You swap places.
You hear an explosion!
You swap places.
You swap places.
You swap places.
You feel a bit more experienced.
You now have 4909 gold pieces (gained 135).
There is an open door, spattered with blood here.
Things that are here:
a +0 giant club; 20 arrows; a +0 shortbow You feel a bit more experienced.
You hear an explosion!
You feel a bit more experienced.
You hear a sizzling sound! x3
You see here an arrow.
You feel a bit more experienced.
There is an open door to the Dungeon, spattered with blood here.
You see here a +0 club.
There is a staircase leading out of the dungeon here.
You have escaped!

▓.▓.▓X▓.▓.▓.▓.▓.▓.
▓.▓.▓'▓.▓.▓.▓.▓.▓.
▓1▓.▓X▓.▓.▓.▓.▓.▓.
▓.▓.▓.▓.▓.▓.▓.▓3▓.
▓)▓.▓.▓.▓.▓.▓.▓.▓.
▓.▓.▓.▓.▓.▓.▓.▓1▓.
▓3▓.▓.▓.▓.▓.▓.▓.▓1
▓&▓.▓.▓.▓.▓.▓.▓.▓.
▓@▓...▓...▓...▓...
▓▓▓▓▓▓▓▓▓▓▓▓▓▓▓▓▓▓


You could see the friendly Mouxkesu, a friendly Ice Fiend and a friendly
sixfirhy.

Vanquished Creatures
  An orb of fire (D)
  Mara (D)
  Mennas (D)
  Boris (D)
  A golden dragon (D)
  Jory (D)
  A Tzitzimitl (D)
  A tentacled monstrosity (D)
  2 liches (D)
  A titan (D)
  15 Orb Guardians (D)
  3 quicksilver dragons (D)
  2 sphinxes (D)
  A tengu reaver (D)
  5 storm dragons (D)
  A thorn hunter (D)
  8 shadow dragons (D)
  Ilsuiw (D)
  A fire giant (D)
  Aizul (D)
  7 nagarajas (D)
  5 emperor scorpions (D)
  A frost giant (D)
  4 vault wardens (D)
  3 ghost moths (D)
  An ironheart preserver (D)
  An angel (D)
  An entropy weaver (D)
  4 very ugly things (D)
  5 stone giants (D)
  3 black draconians (D)
  A red draconian (D)
  A purple draconian (D)
  A white draconian (D)
  2 yellow draconians (D)
  5 ettins (D)
  2 merfolk javelineers (D)
  5 fire dragons (D)
  7 merfolk impalers (D)
  Erolcha (D)
  3 yaktaur captains (D)
  3 naga warriors (D)
  2 great orbs of eyes (D)
  2 rakshasas (D)
  25 vault guards (D)
  An ice dragon (D)
  5 hydras (D)
  A shambling mangrove (D)
  A centaur warrior (D)
  An anaconda (D)
  3 hell beasts (D)
  4 ogre magi (D)
  A satyr (D)
  A deep troll shaman (D)
  3 merfolk aquamancers (D)
  An alligator (D)
  6 death yaks (D)
  A naga sharpshooter (D)
  2 shock serpents (D)
  A deep troll earth mage (D)
  5 orc high priests (D)
  Sonja (D)
  A sea snake (D)
  2 unseen horrors (D)
  A spriggan druid (D)
  8 swamp dragons (D)
  A shadow demon (D)
  3 glowing orange brains (D)
  5 orc knights (D)
  A wizard (D)
  3 ironbrand convokers (D)
  A lindwurm (shapeshifter) (D)
  2 orb spiders (D)
  3 wolf spiders (D)
  A harpy (D)
  2 orc sorcerers (D)
  A manticore (D)
  3 ugly things (D)
  A toenail golem (D)
  4 moths of wrath (D)
  A merfolk siren (D)
  A guardian serpent (D)
  A water nymph (D)
  2 black mambas (D)
  3 vault sentinels (D)
  3 naga magi (D)
  A smoke demon (D)
  An orange demon (D)
  5 spiny frogs (D)
  3 hellions (D)
  An ice devil (D)
  3 freezing wraiths (D)
  A tengu conjurer (D)
  4 yaktaurs (D)
  A hellwing (D)
  3 merfolk (D)
  A troll (D)
  A jumping spider (D)
  A wind drake (D)
  A hornet (D)
  2 hippogriffs (D)
  A raiju (shapeshifter) (D)
  6 redbacks (D)
  A tarantella (D)
  2 wyverns (D)
  A large abomination (D)
  3 yaks (D)
  A basilisk (D)
  2 chaos spawn (D)
  A warg (shapeshifter) (D)
  Grum (D)
  3 nagas (D)
  2 acid dragons (D)
  2 water moccasins (D)
  12 orc warriors (D)
  3 porcupines (D)
  3 ice beasts (D)
  A swamp drake (D)
  3 sky beasts (D)
  2 centaurs (D)
  An ogre (D)
  2 phantoms (D)
  3 wolves (D)
  2 crocodiles (D)
  4 bullfrogs (D)
  A crimson imp (D)
  3 jellies (D)
  An orc priest (D)
  3 orc wizards (D)
  2 worker ants (D)
  13 orcs (D)
  A bat skeleton (D)
  A goblin (D)
  2 hobgoblins (D)
  A bat (D)
  A kobold (D)
  A rat (D)
  A briar patch (D)
358 creatures vanquished.

Vanquished Creatures (collateral kills)
  An ancient lich (D)
  A Killer Klown (D)
  4 Orb Guardians (D)
  2 storm dragons (D)
  2 draconian shifters (D)
  A cacodemon (D)
  3 draconian annihilators (D)
  A red draconian (D)
  A white draconian (D)
  2 hell hogs (D)
  A sixfirhy (D)
  An infernal demonspawn (D)
  2 large abominations (D)
  2 moths of wrath (D)
  An orange demon (D)
  A tormentor (D)
  A neqoxec (D)
27 creatures vanquished.

Vanquished Creatures (others)
  An ancient lich (D)
  A Killer Klown (D)
  4 pandemonium lords (D)
  A golden dragon (D)
  An electric golem (D)
  2 liches (D)
  5 tentacled monstrosities (D)
  A Hell Sentinel (D)
  16 Orb Guardians (D)
  2 death cobs (D)
  2 draconian monks (D)
  A balrug (D)
  A cacodemon (D)
  A draconian scorcher (D)
  A green draconian (D)
  A black sun (D)
  3 purple draconians (D)
  4 great orbs of eyes (D)
  A hell beast (D)
  6 hell hogs (D)
  3 soul eaters (D)
  3 sixfirhies (D)
  A shadow wraith (D)
  A rust devil (D)
  5 moths of wrath (D)
  2 orange demons (D)
  A hellion (D)
  3 tormentors (D)
  An ice devil (D)
  A large abomination (D)
  2 ynoxinuls (D)
  2 chaos spawn (D)
  A swamp drake (D)
  A small abomination (D)
  2 fire vortices (D)
84 creatures vanquished.

Grand Total: 469 creatures vanquished

Notes
Turn   | Place    | Note
-------+----------+-------------------------------------------
     0 | D        | wilfster70 the Minotaur Fighter began the quest for the
                  | Orb.
     0 | D        | Reached XP level 1. HP: 19/19 MP: 0/0
    12 | D        | Reached skill level 1 in Dodging
    99 | D        | Noticed a phantom
    99 | D        | Noticed a worker ant
    99 | D        | Noticed a centaur
    99 | D        | Noticed an ice beast
    99 | D        | Noticed an ogre
   103 | D        | Killed an ogre
   103 | D        | Reached skill level 5 in Fighting
   103 | D        | Reached skill level 5 in Armour
   103 | D        | Reached skill level 5 in Shields
   103 | D        | Reached XP level 2. HP: 29/29 MP: 1/1
   103 | D        | Reached XP level 3. HP: 36/36 MP: 2/2
   103 | D        | Reached XP level 4. HP: 42/42 MP: 3/3
   109 | D        | Killed an ice beast
   109 | D        | Reached skill level 6 in Fighting
   109 | D        | Reached XP level 5. HP: 34/51 MP: 4/4
   115 | D        | Killed a centaur
   115 | D        | Reached skill level 7 in Fighting
   115 | D        | Reached skill level 5 in Dodging
   115 | D        | Reached XP level 6. HP: 32/60 MP: 5/5
   390 | D        | Found a roughly hewn altar of Beogh.
   390 | D        | Found a snail-covered altar of Cheibriados.
   390 | D        | Found a shadowy altar of Dithmenos.
   390 | D        | Found a white marble altar of Elyvilon.
   390 | D        | Found a blossoming altar of Fedhas.
   390 | D        | Found an opulent altar of Gozag.
   391 | D        | Found a hazy altar of Hepliaklqana.
   392 | D        | Found a viscous altar of Jiyva.
   393 | D        | Found an ancient bone altar of Kikubaaqudgha.
   394 | D        | Found a corrupted altar of Lugonu.
   395 | D        | Found a burning altar of Makhleb.
   396 | D        | Found a sparkling altar of Nemelex Xobeh.
   397 | D        | Found an iron altar of Okawaru.
   398 | D        | Became a worshipper of Gozag Ym Sagoz the Greedy
   399 | D        | Found a stormy altar of Qazlal.
   400 | D        | Found a sacrificial altar of Ru.
   401 | D        | Found a deep blue altar of Sif Muna.
   402 | D        | Found a bloodstained altar of Trog.
   403 | D        | Found a hide-covered altar of Uskayaw.
   404 | D        | Found a radiant altar of Vehumet.
   405 | D        | Found an ornate altar of the Wu Jian Council.
   406 | D        | Found a shimmering altar of Xom.
   407 | D        | Found a basalt altar of Yredelemnul.
   408 | D        | Found a glowing silver altar of Zin.
   409 | D        | Found a glowing golden altar of the Shining One.
   458 | D        | Noticed an ice beast
   460 | D        | Reached skill level 10 in Axes
   462 | D        | Killed an ice beast
   462 | D        | Reached skill level 8 in Fighting
   464 | D        | Reached XP level 7. HP: 65/69 MP: 6/6
   488 | D        | Noticed a wyvern
   488 | D        | Noticed a wyvern
   493 | D        | Reached skill level 9 in Fighting
   497 | D        | Killed a wyvern
   501 | D        | Killed a wyvern
   501 | D        | Reached XP level 8. HP: 52/78 MP: 7/7
   762 | D        | Noticed a hippogriff
   766 | D        | Reached skill level 10 in Fighting
   771 | D        | Reached skill level 10 in Armour
   771 | D        | Reached skill level 10 in Shields
   779 | D        | Noticed a spiny frog
   782 | D        | Killed a hippogriff
   785 | D        | Reached XP level 9. HP: 56/86 MP: 8/8
   788 | D        | Killed a spiny frog
   915 | D        | Noticed a spiny frog
   916 | D        | Reached skill level 11 in Fighting
   920 | D        | Killed a spiny frog
   929 | D        | Noticed a black mamba
   932 | D        | Reached skill level 10 in Dodging
   936 | D        | Reached skill level 15 in Axes
   945 | D        | Killed a black mamba
  1076 | D        | Bought the amulet "Ogeh" {+Rage MP+9 Int+3} for 1010 gold
                  | pieces
  1157 | D        | Noticed a death yak
  1157 | D        | Noticed a death yak
  1157 | D        | Noticed a death yak
  1157 | D        | Noticed a death yak
  1157 | D        | Noticed a death yak
  1160 | D        | Killed a death yak
  1160 | D        | Reached skill level 12 in Fighting
  1160 | D        | Reached XP level 10. HP: 76/97 MP: 9/9
  1160 | D        | Noticed a death yak
  1168 | D        | Killed a death yak
  1177 | D        | Killed a death yak
  1184 | D        | Killed a death yak
  1184 | D        | Reached skill level 13 in Fighting
  1187 | D        | Killed a death yak
  1191 | D        | Killed a death yak
  1493 | D        | Noticed an orc knight
  1498 | D        | Reached XP level 11. HP: 108/108 MP: 10/10
  1505 | D        | Killed an orc knight
  1531 | D        | Reached skill level 14 in Fighting
  1596 | D        | Noticed an orc knight
  1625 | D        | Killed an orc knight
  1777 | D        | Found Qein's Antique Weapon Boutique.
  1777 | D        | Noticed an orc sorcerer
  1777 | D        | Noticed an orc high priest
  1777 | D        | Noticed an orc high priest
  1777 | D        | Noticed an orc high priest
  1777 | D        | Noticed an orc high priest
  1780 | D        | Gained mutation: Your body sometimes deteriorates upon
                  | taking damage. [a neqoxec]
  1783 | D        | Killed an orc high priest
  1792 | D        | Killed an orc high priest
  1794 | D        | Found Folitiqa's Weapon Shop.
  1800 | D        | Found Anlaudd's Weapon Boutique.
  1810 | D        | Killed an orc high priest
  1810 | D        | Reached skill level 15 in Fighting
  1810 | D        | Reached skill level 15 in Armour
  1810 | D        | Reached skill level 15 in Shields
  1815 | D        | Noticed an orc sorcerer
  1816 | D        | Killed an orc sorcerer
  1822 | D        | Found Qyurreima's Magic Scroll Shop.
  1823 | D        | Noticed a soul eater
  1830 | D        | Killed an orc high priest
  1835 | D        | Noticed an orc high priest
  1839 | D        | Killed an orc sorcerer
  1854 | D        | Killed an orc high priest
  2206 | D        | Noticed Sonja
  2210 | D        | Killed Sonja
  2215 | D        | Noticed Erolcha
  2223 | D        | Killed Erolcha
  2223 | D        | Reached skill level 16 in Fighting
  2756 | D        | Noticed an orc knight
  2756 | D        | Noticed a green ugly thing
  2762 | D        | Noticed an orb spider
  2767 | D        | Killed a green ugly thing
  2770 | D        | an orb spider changed into a hippogriff
  2787 | D        | Killed an orc knight
  2787 | D        | Reached XP level 12. HP: 104/124 MP: 11/11
  2812 | D        | Reached skill level 15 in Dodging
  2843 | D        | Noticed a centaur warrior
  2843 | D        | Noticed a rakshasa
  2845 | D        | Noticed a stone giant
  2866 | D        | Killed a stone giant
  2866 | D        | Reached skill level 17 in Fighting
  2886 | D        | Killed a centaur warrior
  2888 | D        | Killed a rakshasa
  2918 | D        | Bought the ring of Exhibitionism {Wiz rPois rF+++ rN++
                  | Dex-2} for 1072 gold pieces
  2922 | D        | Bought the amulet of Poyxekhlolo {+Rage rF- Int+2 SInv} for
                  | 629 gold pieces
  3048 | D        | Noticed Grum
  3057 | D        | Killed Grum
  3155 | D        | Noticed a naga warrior
  3162 | D        | Noticed an anaconda
  3181 | D        | Killed a naga warrior
  3193 | D        | Killed an anaconda
  3193 | D        | Reached skill level 18 in Fighting
  3572 | D        | Noticed an entropy weaver
  3595 | D        | Killed an entropy weaver
  3614 | D        | Reached XP level 13. HP: 89/136 MP: 12/12
  3642 | D        | Bought the +8 plate armour of Foolhardiness {rC+} for 847
                  | gold pieces
  3862 | D        | Reached skill level 19 in Fighting
  4304 | D        | Noticed Aizul
  4334 | D        | Killed Aizul
  4623 | D        | Bought a pair of runed gloves for 210 gold pieces
  4623 | D        | Bought a pitted hat for 252 gold pieces
  4628 | D        | Identified the cursed +0 hat "Resugiott" {*Drain rCorr
                  | SInv} (You bought it in a shop in the Dungeon)
  4669 | D        | Noticed a tentacled monstrosity
  4669 | D        | Noticed a purple very ugly thing
  4669 | D        | Noticed a frost giant
  4670 | D        | Noticed a stone giant
  4683 | D        | Killed a frost giant
  4698 | D        | Killed a purple very ugly thing
  4698 | D        | Reached skill level 20 in Fighting
  4702 | D        | Noticed an ettin
  4708 | D        | Killed a tentacled monstrosity
  4708 | D        | Noticed a shadow dragon
  4712 | D        | Noticed a sphinx
  4715 | D        | Noticed a stone giant
  4729 | D        | Killed a stone giant
  4740 | D        | Killed an ettin
  4748 | D        | Killed a shadow dragon
  4748 | D        | Reached skill level 21 in Fighting
  4751 | D        | Reached XP level 14. HP: 36/151 MP: 13/13
  4756 | D        | Killed a sphinx
  4761 | D        | Killed a stone giant
  4765 | D        | Noticed a red very ugly thing
  4775 | D        | Killed a red very ugly thing
  4795 | D        | Reached skill level 22 in Fighting
  5129 | D        | Noticed a vault warden
  5144 | D        | Noticed a vault warden
  5162 | D        | Killed a vault warden
  5172 | D        | Killed a vault warden
  5186 | D        | Reached skill level 23 in Fighting
  5192 | D        | Noticed a stone giant
  5222 | D        | Killed a stone giant
  5358 | D        | Bought a book of Misfortune for 280 gold pieces
  5360 | D        | Learned a level 1 spell: Confusing Touch
  5389 | D        | Noticed Boris
  5406 | D        | Killed Boris
  5406 | D        | Reached skill level 24 in Fighting
  5567 | D        | Bought a scroll of enchant armour for 82 gold pieces
  5567 | D        | Bought a scroll of brand weapon for 220 gold pieces
  5567 | D        | Bought a scroll of brand weapon for 220 gold pieces
  5567 | D        | Bought 3 scrolls of blinking for 247 gold pieces
  5567 | D        | Bought a scroll of enchant armour for 82 gold pieces
  5567 | D        | Bought a scroll of fear for 38 gold pieces
  5567 | D        | Bought a scroll of fear for 38 gold pieces
  5567 | D        | Bought a scroll of fear for 38 gold pieces
  5609 | D        | Noticed Mennas
  5703 | D        | Killed Mennas
  5703 | D        | Reached skill level 5 in Spellcasting
  5703 | D        | Reached XP level 15. HP: 56/168 MP: 21/21
  6042 | D        | Noticed a thorn hunter
  6075 | D        | Reached skill level 25 in Fighting
  6082 | D        | Killed a thorn hunter
  6113 | D        | Got a decaying rune of Zot
  6215 | D        | Noticed a ghost moth
  6215 | D        | Noticed a ghost moth
  6220 | D        | Killed a ghost moth
  6254 | D        | Killed a ghost moth
  6254 | D        | Reached skill level 26 in Fighting
  6306 | D        | Got a gossamer rune of Zot
  6485 | D        | Bought a ration for 60 gold pieces
  6485 | D        | Bought a ration for 60 gold pieces
  6485 | D        | Bought a ration for 60 gold pieces
  6485 | D        | Bought a ration for 60 gold pieces
  6485 | D        | Bought a ration for 60 gold pieces
  6485 | D        | Bought a ration for 60 gold pieces
  6485 | D        | Bought a ration for 60 gold pieces
  6485 | D        | Bought a ration for 60 gold pieces
  6485 | D        | Bought a ration for 60 gold pieces
  6485 | D        | Bought a ration for 60 gold pieces
  6491 | D        | Noticed Ilsuiw
  6520 | D        | Reached skill level 10 in Spellcasting
  6520 | D        | Reached skill level 1 in Hexes
  6536 | D        | Killed Ilsuiw
  6536 | D        | Reached skill level 27 in Fighting
  6580 | D        | Reached skill level 5 in Hexes
  6597 | D        | Got a barnacled rune of Zot
  6899 | D        | Noticed a nagaraja
  6899 | D        | Noticed a nagaraja
  6900 | D        | Noticed a nagaraja
  6903 | D        | Noticed a nagaraja
  6914 | D        | Killed a nagaraja
  6917 | D        | Killed a nagaraja
  6920 | D        | Noticed a nagaraja
  6923 | D        | Killed a nagaraja
  6924 | D        | Noticed a nagaraja
  6928 | D        | Killed a nagaraja
  6930 | D        | Noticed a nagaraja
  6937 | D        | Killed a nagaraja
  6941 | D        | Killed a nagaraja
  6941 | D        | Reached XP level 16. HP: 76/183 MP: 31/31
  6958 | D        | Got a serpentine rune of Zot
  7318 | D        | Noticed Mara
  7322 | D        | Noticed wilfster70's illusion
  7376 | D        | Killed Mara
  7376 | D        | Reached skill level 10 in Hexes
  7425 | D        | Noticed Jory
  7452 | D        | Killed Jory
  7813 | D        | Reached skill level 15 in Spellcasting
  8110 | D        | Noticed a quicksilver dragon
  8125 | D        | Noticed a lich
  8135 | D        | Noticed a lich
  8136 | D        | Noticed a shadow dragon
  8142 | D        | Noticed a shadow dragon
  8153 | D        | Killed a quicksilver dragon
  8159 | D        | Killed a lich
  8178 | D        | Killed a lich
  8190 | D        | Killed a shadow dragon
  8199 | D        | Killed a shadow dragon
  8206 | D        | Noticed a sphinx
  8211 | D        | Noticed an Orb Guardian
  8221 | D        | Killed a sphinx
  8221 | D        | Reached XP level 17. HP: 95/191 MP: 40/40
  8240 | D        | Killed an Orb Guardian
  8472 | D        | Learned a level 6 spell: Freezing Cloud
  8475 | D        | Noticed a quicksilver dragon
  8475 | D        | Noticed a titan
  8490 | D        | Reached skill level 1 in Conjurations
  8490 | D        | Reached skill level 1 in Ice Magic
  8490 | D        | Reached skill level 1 in Air Magic
  8503 | D        | Killed a titan
  8562 | D        | Killed a quicksilver dragon
  8562 | D        | Reached skill level 5 in Conjurations
  8562 | D        | Reached skill level 5 in Ice Magic
  8562 | D        | Reached skill level 5 in Air Magic
  8584 | D        | Got a silver rune of Zot
  8587 | D        | Identified the Grimoire of Ashen Cold
  8815 | D        | Got the ring "Ukkigeo" {MP+9 AC+3}
  8817 | D        | Got the ring of Adyewki {rF+ Dex+2 Slay+3}
  8819 | D        | Got the amulet of Jialoec {Gourm rC+ Str-5 Int+6}
  8821 | D        | Got the ring "Rekary" {Str+4 Stlth+}
  8823 | D        | Got the ring of Ciuquten {Ice rN+ Dex-3 Slay+3}
  9556 | D        | Noticed a quicksilver dragon
  9562 | D        | Killed a quicksilver dragon
  9611 | D        | Bought a pair of embroidered boots for 187 gold pieces
  9621 | D        | Identified a +0 pair of boots of running (You bought it in
                  | a shop in the Dungeon)
  9804 | D        | Noticed a Killer Klown
  9824 | D        | Noticed a tentacled monstrosity
  9824 | D        | Noticed a golden dragon
  9825 | D        | Noticed a tentacled monstrosity
  9836 | D        | Reached skill level 10 in Conjurations
  9836 | D        | Reached skill level 10 in Ice Magic
  9836 | D        | Reached skill level 10 in Air Magic
  9838 | D        | Killed a golden dragon
 10237 | D        | Noticed an Orb Guardian
 10237 | D        | Noticed an Orb Guardian
 10237 | D        | Noticed an Orb Guardian
 10237 | D        | Noticed an Orb Guardian
 10237 | D        | Noticed an Orb Guardian
 10237 | D        | Noticed an Orb Guardian
 10240 | D        | Killed an Orb Guardian
 10243 | D        | Killed an Orb Guardian
 10243 | D        | Noticed an Orb Guardian
 10245 | D        | Noticed an Orb Guardian
 10247 | D        | Noticed an Orb Guardian
 10247 | D        | Killed an Orb Guardian
 10251 | D        | Killed an Orb Guardian
 10252 | D        | Killed an Orb Guardian
 10260 | D        | Killed an Orb Guardian
 10268 | D        | Killed an Orb Guardian
 10268 | D        | Reached XP level 18. HP: 181/200 MP: 43/43
 10270 | D        | Killed an Orb Guardian
 10273 | D        | Noticed an Orb Guardian
 10274 | D        | Killed an Orb Guardian
 10282 | D        | Killed an Orb Guardian
 10391 | D        | Noticed a tentacled monstrosity
 10391 | D        | Noticed an Orb Guardian
 10391 | D        | Noticed an Orb Guardian
 10391 | D        | Noticed a tentacled monstrosity
 10391 | D        | Noticed a curse toe
 10392 | D        | Noticed an Orb Guardian
 10396 | D        | Killed a tentacled monstrosity
 10397 | D        | Killed an Orb Guardian
 10403 | D        | Killed an Orb Guardian
 10448 | D        | Noticed an ancient lich
 10449 | D        | Noticed an orb of fire
 10459 | D        | Noticed an electric golem
 10469 | D        | Killed an electric golem
 10632 | D        | Noticed a tentacled monstrosity
 10632 | D        | Noticed an orb of fire
 10632 | D        | Noticed an Orb Guardian
 10634 | D        | Noticed an orb of fire
 10636 | D        | Killed a tentacled monstrosity
 10637 | D        | Noticed an orb of fire
 10638 | D        | Noticed a golden dragon
 10642 | D        | Noticed an ancient lich
 10643 | D        | Noticed a Killer Klown
 10645 | D        | Killed a golden dragon
 10646 | D        | Killed an ancient lich
 10648 | D        | Noticed an Orb Guardian
 10648 | D        | Killed an ancient lich
 10653 | D        | Gained mutation: You tend to lose your temper in combat.
                  | [an orb of fire]
 10656 | D        | Killed an Orb Guardian
 10662 | D        | Killed a Killer Klown
 10666 | D        | Gained mutation: You are clumsy. (Dex -2) [an orb of fire]
 10671 | D        | Gained mutation: You are frail. (-10% HP) [an orb of fire]
 10672 | D        | Gained mutation: Scrolls take you a little longer to read.
                  | [an orb of fire]
 10683 | D        | Gained mutation: Your body often deteriorates upon taking
                  | damage. [an orb of fire]
 10688 | D        | Killed an orb of fire
 10692 | D        | Lost mutation: You tend to lose your temper in combat.
                  | [potion of mutation]
 10692 | D        | Lost mutation: Scrolls take you a little longer to read.
                  | [potion of mutation]
 10692 | D        | Gained mutation: Your spells are a little easier to cast,
                  | but a little less powerful. [potion of mutation]
 10692 | D        | Gained mutation: You possess an exceptional clarity of
                  | mind. [potion of mutation]
 10707 | D        | Learned a level 2 spell: Blink
 10978 | D        | Noticed an Orb Guardian
 10978 | D        | Noticed an Orb Guardian
 10978 | D        | Noticed an Orb Guardian
 10978 | D        | Noticed an Orb Guardian
 10978 | D        | Noticed an Orb Guardian
 10978 | D        | Noticed an Orb Guardian
 10983 | D        | Killed an Orb Guardian
 10989 | D        | Killed an Orb Guardian
 10998 | D        | Killed an Orb Guardian
 11008 | D        | Killed an Orb Guardian
 11022 | D        | Killed an Orb Guardian
 11022 | D        | Reached skill level 1 in Translocations
 11033 | D        | Killed an Orb Guardian
 11034 | D        | Noticed an Orb Guardian
 11044 | D        | Killed an Orb Guardian
 11102 | D        | Noticed an Orb Guardian
 11103 | D        | Noticed an Orb Guardian
 11104 | D        | Noticed an Orb Guardian
 11108 | D        | Killed an Orb Guardian
 11109 | D        | Gained mutation: Your mind is acute. (Int +2) [an orb of
                  | fire]
 11111 | D        | Killed an Orb Guardian
 11113 | D        | Killed an Orb Guardian
 11116 | D        | Noticed an Orb Guardian
 11122 | D        | Killed an Orb Guardian
 11133 | D        | Got the Orb of Zot
 11187 | D        | Killed a tentacled monstrosity
 11275 | D        | Killed a Hell Sentinel
 11414 | D        | Noticed a Tzitzimitl
 11426 | D        | Killed a Tzitzimitl
 11573 | D        | Noticed Ova Zium the pandemonium lord
 11574 | D        | Noticed a lich
 11625 | D        | Killed an Orb Guardian
 11686 | D        | Noticed Juriac the pandemonium lord
 11744 | D        | Killed an Orb Guardian
 11765 | D        | Noticed an Orb Guardian
 11778 | D        | Noticed an Orb Guardian
 11822 | D        | Noticed a Hell Sentinel
 11859 | D        | Killed an Orb Guardian
 11867 | D        | Killed an Orb Guardian
 11932 | D        | Noticed an Orb Guardian
 11937 | D        | Killed an Orb Guardian
 12019 | D        | Killed a lich
 12027 | D        | Killed Ova Zium the pandemonium lord
 12152 | D        | Killed Testiac the pandemonium lord
 12214 | D        | Noticed an Ice Fiend
 12348 | D        | Killed Juriac the pandemonium lord
 12411 | D        | Noticed a seraph
 12548 | D        | Noticed a Brimstone Fiend
 12618 | D        | Killed Tohoeth the pandemonium lord
 12675 | D        | Killed an Orb Guardian
 12750 | D        | Noticed an Orb Guardian
 12792 | D        | Noticed an Orb Guardian
 12801 | D        | Killed an Orb Guardian
 12808 | D        | Noticed an Orb Guardian
 12815 | D        | Noticed an Orb Guardian
 12869 | D        | Noticed Mouxkesu the pandemonium lord
 12873 | D        | Noticed an Ice Fiend
 12920 | D        | Escaped with the Orb!

Levels and vault maps discovered:
D:        linesprint [early_d, line_temple, items_1, d_10, items_2, lair_1,
          lair_end, items_3, orc_1, orc_end, items_4, d_15, swamp_1, shoals_1,
          snake_1, spider_1, d_20, vaults_1, items_5, swamp_end, shoals_end,
          snake_end, spider_end, vaults_end, d_27, items_6, zot_1, zot_end,
          crypt_end, forest_end, elf_end, slime_end, tomb_end, abyss_end,
          pan_hell_end]

Skill      XL: |  1  2  3  4  5  6  7  8  9 10 11 12 13 14 15 16 17 18 |
---------------+-------------------------------------------------------+-----
Axes           | 6 8 10 12 13 15 16 | 16.1
Dodging        | 3 4 5 6 7 9 10 12 14 16 19 20 | 20.0
Armour         | 5 6 7 8 9 10 12 13 16 18 20 | 20.0
Shields        | 5 6 7 8 9 10 12 13 15 17 20 24 25 | 25.0
Fighting       | 5 6 7 8 9 10 12 13 16 18 21 24 27 | 27.0
Spellcasting   | 5 12 20 22 23 | 23.4
Hexes          | 8 10 | 10.0
Conjurations   | 10 14 | 14.3
Ice Magic      | 10 14 | 14.3
Air Magic      | 10 14 | 14.3
Translocations | 4 |  4.1

Action                   |  1- 3 |  4- 6 |  7- 9 | 10-12 | 13-15 | 16-18 || total
-------------------------+-------+-------+-------+-------+-------+-------++-------
Melee: War axe           |    17 |    29 |    98 |   196 |       |       ||   340
       Headbutt          |     3 |     8 |    20 |    97 |   155 |   175 ||   458
       Broad axe         |       |       |       |   195 |   648 |   844 ||  1687
       Rapier            |       |       |       |       |    23 |       ||    23
 Cast: Confusing Touch   |       |       |       |       |       |     1 ||     1
       Blink             |       |       |       |       |       |     7 ||     7
Invok: Potion Petition   |       |       |     1 |     3 |     4 |     3 ||    11
       Call Merchant     |       |       |     1 |     2 |     5 |     3 ||    11
       Bribe Branch      |       |       |       |       |       |     4 ||     4
Evoke: Wand              |       |       |       |       |     2 |       ||     2
  Use: Potion            |       |     1 |       |     1 |     3 |     1 ||     6
       Scroll            |       |       |     5 |     7 |     6 |    21 ||    39
 Stab: Distracted        |       |     1 |     1 |     4 |     5 |    13 ||    24
       Invisible         |       |       |       |     3 |     6 |       ||     9
       Confused          |       |       |       |       |     4 |     1 ||     5
  Eat: Ration            |       |       |     1 |     2 |     3 |     6 ||    12
Armor: Scale mail        |     4 |     8 |    17 |    12 |       |       ||    41
       Plate armour      |       |       |       |    48 |    62 |       ||   110
       Gold dragon scale |       |       |       |       |   144 |   164 ||   308
Dodge: Dodged            |     5 |     4 |    37 |    66 |   150 |   120 ||   382
Block: Shield            |     5 |     9 |    30 |    49 |       |       ||    93
       Large shield      |       |       |       |   153 |   665 |   604 ||  1422

Table legend:
 A = Non-vault XP
 B = Vault XP
 C = Vault XP percentage of total XP
 D = Non-vault monster count
 E = Vault monster count
 F = Vault count percentage of total count
                 A         B        C        D         E       F
            +---------+---------+-------+---------+---------+-------
      Total |     256 |  331856 |  99.9 |       1 |     353 |  99.7
            +---------+---------+-------+---------+---------+-------
          D |     256 |  331856 |  99.9 |       1 |     353 |  99.7
            +---------+---------+-------+---------+---------+-------
